 Dungeon Crawl Stone Soup version 0.28.0-53-g5a82cb258f (webtiles) character file.

Game seed: 14668077019306698428

126 MisterFreud the Covert (level 5, -5/47 HPs)
             Began as a Gnoll Delver on June 21, 2022.
             Was an Initiate of Ru.
             Killed by nerve-wracking pain
             ... invoked by Grinder
              (14 damage)
             ... on level 3 of the Dungeon.
             The game lasted 00:02:36 (2365 turns).

MisterFreud the Covert (Gnoll Delver)               Turns: 2365, Time: 00:02:36

Health: -5/47      AC:  4    Str: 11    XL:     5   Next: 10%
Magic:  7/7        EV: 13    Int: 12    God:    Ru [......]
Gold:   47         SH:  0    Dex: 13    Spells: 6/6 levels left

rFire   . . .      SeeInvis .   a - +0 short sword
rCold   . . .      Faith    .   (no shield)
rNeg    . . .      Spirit   .   b - +0 leather armour
rPois   .          Reflect  .   m - +0 helmet
rElec   .          Harm     .   (no cloak)
rCorr   .          Rampage  .   (no gloves)
Will    .....                   (no boots)
Stlth   ++++......              (no amulet)
HPRegen 0.15/turn               (no ring)
MPRegen 0.10/turn               (no ring)

@: no status effects
A: fangs 1, strong nose, distributed training
a: Renounce Religion


You were on level 3 of the Dungeon.
You worshipped Ru.
Ru was noncommittal.
You visited 2 branches of the dungeon, and saw 6 of its levels.

You collected 47 gold pieces.

Inventory:

Hand Weapons
 a - a +0 short sword (weapon)
Missiles
 l - 2 poisoned darts (quivered)
Armour
 b - a +0 leather armour (worn)
 m - a +0 helmet (worn)
Wands
 g - a wand of digging (2)
 j - a wand of flame (14)
Scrolls
 c - 3 scrolls of fog
 d - 2 scrolls of magic mapping
 e - a scroll of fear
 k - a scroll of amnesia {unknown}
Potions
 f - a potion of haste
 i - a potion of curing


   Skills:
 + Level 6.6 Fighting
 + Level 4.7 Short Blades
 + Level 1.3 Long Blades
 + Level 1.3 Axes
 + Level 1.3 Maces & Flails
 + Level 1.3 Polearms
 + Level 1.3 Staves
 + Level 1.3 Slings
 + Level 1.3 Bows
 + Level 1.3 Crossbows
 + Level 1.3 Throwing
 + Level 1.3 Armour
 + Level 4.7 Dodging
 + Level 9.6 Stealth
 + Level 1.3 Shields
 + Level 1.3 Unarmed Combat
 + Level 1.3 Spellcasting
 + Level 1.1 Conjurations
 + Level 1.1 Hexes
 + Level 1.1 Summonings
 + Level 1.1 Necromancy
 + Level 1.1 Translocations
 + Level 1.1 Transmutations
 + Level 1.1 Fire Magic
 + Level 1.1 Ice Magic
 + Level 1.1 Air Magic
 + Level 1.1 Earth Magic
 + Level 1.1 Poison Magic
 + Level 1.5 Invocations
 + Level 1.3 Evocations


You had 6 spell levels left.
You didn't know any spells.
Your spell library was empty.

Dungeon Overview and Level Annotations

Branches:
Dungeon (6/15)             Temple (1/1) D:4

Altars:
Ashenzari
Cheibriados
Elyvilon
Fedhas
Gozag
Kikubaaqudgha
Makhleb
Nemelex Xobeh
Okawaru
Qazlal
Ru
Sif Muna
Trog
Wu Jian
Xom
Zin

Annotations:
D:2 Natasha, Sigmund
D:3 Grinder


Innate Abilities, Weirdness & Mutations

You have very sharp teeth.
Your uncanny sense of smell can sniff out nearby items.
Your experience applies equally to all skills.


Message History

Grinder comes into view.
She is carrying a wand of flame (13).
Grinder is nearby!
Grinder is nearby!
Okay, then.
Unknown command.
As you read the scroll labelled FUSHRE JEIMMYKK, it crumbles to dust.
It is a scroll of identify.
i - a potion of curing Grinder hits you.
You writhe in agony.
You hit Grinder. Your bite misses Grinder.
Grinder is lightly wounded.
Grinder blinks!
Grinder hits you.
You writhe in agony.
You barely miss Grinder.
Grinder is lightly wounded.
Grinder closely misses you. Grinder hits you!
You writhe in agony.
You hit Grinder but do no damage.
Grinder is lightly wounded.
Grinder gestures at you.
You suddenly lose the ability to move!
Grinder hits you but does no damage. Grinder hits you.
You writhe in agony.
Grinder hits you!
* * * LOW HITPOINT WARNING * * *
Grinder blinks!
You can move again.
Unknown command.
Grinder gestures at you. You resist with significant effort.
Grinder gestures at you.
You shrug off the repeated paralysis!
Grinder zaps a wand.
The puff of flame misses you.
You see here a potion of curing.
Grinder zaps a wand.
The puff of flame hits you.
* * * LOW HITPOINT WARNING * * *
Grinder says, "Mostly I couldn't keep them alive."
Grinder gestures at you. Pain shoots through your body!
You die...

##≈#≈#≈≈##...# #......#
#≈≈≈≈ #≈###≈≈≈#...#
####.### ###'# ###
###≈#...# #.# #....
#≈#...# #####.## #....
###...###......# #####
#......##......######### ∆
#....5!##......'........
##......##......#########
##.......@................
.........##......#######..
..........##......# #..
.......##.##......# ###
∆###### #.######### #.#
#.### #...# ###.#.######


You could see Grinder.

Vanquished Creatures
  A scorpion zombie (D:4)
  Terence (D:3)
  A hound zombie (D:4)
  A hound skeleton (D:4)
  Robin (D:3)
  An adder (D:3)
  A shadow imp (D:6)
  An adder zombie (D:4)
  A bat (D:3)
  2 endoplasms (D:3)
  A giant cockroach (D:3)
  7 goblins
  2 jackals (D:4)
  A frilled lizard (D:3)
  2 rats
24 creatures vanquished.

Vanquished Creatures (others)
  A goblin (D:3)
  4 fungi (D:6)
5 creatures vanquished.

Grand Total: 29 creatures vanquished

Notes
Turn   | Place    | Note
-------+----------+-------------------------------------------
     0 | D:5      | Reached skill level 9 in Stealth
     0 | D:5      | MisterFreud the Gnoll Delver began the quest for the Orb.
     0 | D:5      | Reached XP level 1. HP: 23/23 MP: 1/1
    11 | D:6      | Reached XP level 2. HP: 26/29 MP: 2/2
    80 | D:4      | Reached XP level 3. HP: 14/35 MP: 2/4
    92 | D:4      | Reached skill level 1 in Invocations
   361 | D:4      | Reached skill level 1 in Long Blades
   361 | D:4      | Reached skill level 1 in Axes
   361 | D:4      | Reached skill level 1 in Maces & Flails
   361 | D:4      | Reached skill level 1 in Polearms
   361 | D:4      | Reached skill level 1 in Staves
   361 | D:4      | Reached skill level 1 in Slings
   361 | D:4      | Reached skill level 1 in Bows
   361 | D:4      | Reached skill level 1 in Crossbows
   361 | D:4      | Reached skill level 1 in Throwing
   361 | D:4      | Reached skill level 1 in Armour
   361 | D:4      | Reached skill level 1 in Shields
   361 | D:4      | Reached skill level 1 in Unarmed Combat
   361 | D:4      | Reached skill level 1 in Spellcasting
   361 | D:4      | Reached skill level 1 in Evocations
   377 | D:4      | Found a staircase to the Ecumenical Temple.
   406 | Temple   | Entered the Ecumenical Temple
   588 | Temple   | Became a worshipper of Ru the Awakened
   755 | D:4      | Reached XP level 4. HP: 27/41 MP: 5/5
  1059 | D:3      | Found a bloodstained altar of Trog.
  1310 | D:3      | Noticed Terence
  1317 | D:3      | Killed Terence
  1318 | D:3      | Reached skill level 1 in Conjurations
  1318 | D:3      | Reached skill level 1 in Hexes
  1318 | D:3      | Reached skill level 1 in Summonings
  1318 | D:3      | Reached skill level 1 in Necromancy
  1318 | D:3      | Reached skill level 1 in Translocations
  1318 | D:3      | Reached skill level 1 in Transmutations
  1318 | D:3      | Reached skill level 1 in Fire Magic
  1318 | D:3      | Reached skill level 1 in Ice Magic
  1318 | D:3      | Reached skill level 1 in Air Magic
  1318 | D:3      | Reached skill level 1 in Earth Magic
  1318 | D:3      | Reached skill level 1 in Poison Magic
  1381 | D:2      | Noticed Natasha
  1383 | D:2      | Noticed Sigmund
  1674 | D:3      | Noticed Robin
  2252 | D:3      | Killed Robin
  2253 | D:3      | Reached XP level 5. HP: 46/47 MP: 5/7
  2343 | D:3      | Noticed Grinder
  2352 | D:3      | Paralysed by Grinder for 7 turns
  2365 | D:3      | Killed from afar by Grinder

Illustrated notes

Levels and vault maps discovered:
D:2:      minmay_evil_eye, layout_rooms, uniq_natasha, uniq_sigmund
D:3:      layout_basic, lemuel_coloured_pillars_altar,
          nicolae_dithmenos_shadow_blocks, serial_rivers,
          chequers_serial_rivers_large_b, chequers_serial_rivers_room_b,
          chequers_serial_rivers_marsh, chequers_serial_rivers_micro_a,
          uniq_robin, uniq_grinder, uniq_terence
D:4:      layout_basic, beargit_hepliaklqana_dungeon_heroes,
          nicolae_yredelemnul_corpse_copse, minmay_temple_entry_ruins,
          serial_curves, eino_curves_03, eino_curves_04, eino_curves_04,
          nicolae_concentric_dashed_squares_wild, kennysheep_another_room
D:5:      layout_loops_cross
D:6:      kennysheep_steamy, layout_rooms, kennysheep_nub
Temple:   regret_index_temple_waves

Skill      XL: |  1  2  3  4 |
---------------+-------------+-----
Stealth        | |  9.6
Invocations    | 1 |  1.5
Long Blades    | 1 |  1.3
Axes           | 1 |  1.3
Maces & Flails | 1 |  1.3
Polearms       | 1 |  1.3
Staves         | 1 |  1.3
Slings         | 1 |  1.3
Bows           | 1 |  1.3
Crossbows      | 1 |  1.3
Throwing       | 1 |  1.3
Armour         | 1 |  1.3
Shields        | 1 |  1.3
Unarmed Combat | 1 |  1.3
Spellcasting   | 1 |  1.3
Evocations     | 1 |  1.3
Conjurations   | 1 |  1.1
Hexes          | 1 |  1.1
Summonings     | 1 |  1.1
Necromancy     | 1 |  1.1
Translocations | 1 |  1.1
Transmutations | 1 |  1.1
Fire Magic     | 1 |  1.1
Ice Magic      | 1 |  1.1
Air Magic      | 1 |  1.1
Earth Magic    | 1 |  1.1
Poison Magic   | 1 |  1.1
Fighting       | |  6.6
Short Blades   | |  4.7
Dodging        | |  4.7

Action                   |  1- 3 |  4- 6 || total
-------------------------+-------+-------++-------
Melee: Short sword       |    65 |    54 ||   119
       Punch             |     1 |       ||     1
       Bite              |    12 |     4 ||    16
Evoke: Wand              |       |     1 ||     1
  Use: Scroll            |       |     1 ||     1
 Stab: Sleeping          |     1 |     6 ||     7
Armor: Leather armour    |    10 |    25 ||    35
Dodge: Dodged            |    36 |    49 ||    85
